 Dungeon Crawl Stone Soup version 0.30.1-3-gfc49f6343a (webtiles) character file.

Game seed: 18036264919384140324

7305 boopmooplesden the Cruncher (level 10, -1/80 HPs)
             Began as a Demonspawn Gladiator on July 27, 2023.
             Was an Elder of Okawaru.
             Succumbed to orange demon's concentrated venom
             ... on level 9 of the Dungeon on July 28, 2023.
             The game lasted 00:13:50 (10687 turns).

boopmooplesden the Cruncher (Demonspawn Gladiator) Turns: 10687, Time: 00:13:51

Health: -1/80      AC: 19    Str: 19    XL:     10   Next: 90%
Magic:  19/19      EV: 11    Int:  9    God:    Okawaru [****..]
Gold:   506        SH:  0    Dex: 18    Spells: 9/9 levels left

rFire   . . .        a - +0 quarterstaff (elec)
rCold   . . .        (shield currently unavailable)
rNeg    . . .        r - +1 chain mail
rPois   .            c - +0 helmet
rElec   .            (no cloak)
rCorr   .            s - +2 pair of gloves {Dex+3}
SInv    .            (no boots)
Will    .....        (no amulet) Stlth
                     u - ring of magical power
HPRegen 0.33/turn    (no ring)
MPRegen 0.16/turn

%: no passive effects
@: lethally poisoned (-1 -> -28), about to teleport, slowed, very slow
A: molten scales 2, (demonic guardian 1), ignite blood 1, demonic touch 2
a: Renounce Religion, Heroism, Finesse


You were on level 9 of the Dungeon.
You worshipped Okawaru.
Okawaru was greatly pleased with you.
You visited 2 branches of the dungeon, and saw 10 of its levels.
You also visited: Sewer.

You collected 506 gold pieces.

Inventory:

Hand Weapons
 a - a +0 quarterstaff of electrocution (weapon)
Missiles
 e - a javelin (quivered)
Armour
 b - a +0 leather armour
 c - a +0 helmet (worn)
 r - a +1 chain mail (worn)
 s - a +2 pair of gloves of dexterity (worn)
Jewellery
 d - a +4 ring of slaying
 t - a +6 ring of dexterity
 u - a ring of magical power (left hand)
 x - a +4 ring of protection
 E - a ring of fire
 F - a +5 ring of evasion
Wands
 o - a wand of iceblast (24)
 q - a wand of flame (21)
 y - a wand of light (18)
Scrolls
 h - 2 scrolls of brand weapon
 p - 6 scrolls of identify
 v - 2 scrolls of magic mapping
 w - 5 scrolls of teleportation
 H - a scroll of summoning {unknown}
 I - a scroll of immolation {unknown}
Potions
 f - a potion of cancellation {unknown}
 g - 2 potions of magic
 i - 2 potions of ambrosia {unknown}
 j - 4 potions of curing {unknown}
 k - 2 potions of attraction {unknown}
 l - 3 potions of might {unknown}
 m - 2 potions of berserk rage {unknown}
 n - 3 potions of lignification {unknown}
 z - 2 potions of brilliance {unknown}
 A - 2 potions of heal wounds {unknown}
 B - 2 potions of mutation {unknown}
 C - 3 potions of haste {unknown}
 D - 2 potions of invisibility {unknown}
 G - 2 potions of degeneration {unknown}


   Skills:
 + Level 7.9 Fighting
 + Level 10.7 Staves
 + Level 2.3 Throwing
 + Level 7.2 Armour
 + Level 5.5 Dodging
 + Level 2.2 Stealth


You had 9 spell levels left.
You didn't know any spells.
Your spell library contained the following spells:

 Spells                   Type           Power      Damage    Failure   Level
 Freeze                   Ice            0%         1d3       95%         1
 Frozen Ramparts          Ice            0%         1d1       100%        3
 Hailstorm                Conj/Ice       0%         3d3       100%        3
 Summon Small Mammal      Summ           Unusable   N/A       N/A         1
 Call Canine Familiar     Summ           Unusable   N/A       N/A         3
 Summon Guardian Golem    Hex/Summ       Unusable   N/A       N/A         3

Dungeon Overview and Level Annotations

Branches:
Dungeon (9/15)             Temple (1/1) D:5             Orc (0/2) D:9
  Sewer (visited)
   Lair: D:8-11

Altars:
Ashenzari
Cheibriados
Dithmenos
Fedhas
Gozag
Hepliaklqana
Kikubaaqudgha
Makhleb
Nemelex Xobeh
Okawaru
Qazlal
Ru
Sif Muna
Trog
Uskayaw
Vehumet
Wu Jian
Xom
Yredelemnul

Shops:
D:3 (   D:5 *((!

Annotations:
D:9 Amaemon


Innate Abilities, Weirdness & Mutations

You are mostly covered in molten scales. (AC +3)
((A weak demonic guardian rushes to your aid.))
Your demonic aura sometimes causes spilled blood to erupt in flames.
Your touch may inflict irresistible damage on your foes.


Message History

The orange demon misses you.
You hit Amaemon but do no damage.
Amaemon casts a spell at the orange demon.
The orange demon seems to grow toxic.
The orange demon stings you from afar.
You hit Amaemon.
Amaemon is lightly wounded.
The scorpion disappears in a puff of smoke!
Amaemon hits you but does no damage. Amaemon closely misses you.
Amaemon barely misses you. The orange demon stings you from afar!
You thump Amaemon!
Amaemon is lightly wounded.
Amaemon is engulfed in blazing flames.
Amaemon closely misses you. Amaemon barely misses you.
Amaemon tail-slaps you but does no damage.
The orange demon barely misses you.
You sock Amaemon!
Amaemon is heavily wounded.
The scorpion no longer looks unusually toxic.
Amaemon is engulfed in blazing flames.
Amaemon's tail lashes.
Amaemon hits you with a -1 demon whip of venom.
* * * LOW HITPOINT WARNING * * *
You are poisoned.
Amaemon closely misses you.
Amaemon tail-slaps you but does no damage.
The orange demon barely misses you.
Unknown command.
As you read the scroll of teleportation, it crumbles to dust.
You feel strangely unstable.
You feel very sick.
Amaemon is engulfed in blazing flames.
Amaemon casts a spell.
The orange demon stings you from afar!
* * * LOW HITPOINT WARNING * * *
You are lethally poisoned!
You have difficulty breathing.
* * * LOW HITPOINT WARNING * * *
You feel yourself slow down.
It was a potion of magic.
Magic courses through your body.
You die...

##..###.#########.#
#.................###########
##)......................†....
#...######..............######
##...### #..##########..#
#......# #..# #..# #...##.# #..#
#..######
##...#.####.s##########........
#.........s46@†(..............
##.........Y##########..######
#..........# #..# ##.........#
#..# ##......Y..# #..# .
#..........##########..###### ..
##............................ ..
#.............................
..##..........................###


You could see Amaemon, an orange demon (curare), a yak and 2 scorpions.

Vanquished Creatures
  Pikel (D:7)
  Maggie (D:8)
  12 yaks
  3 steam dragons
  An acid dragon (D:9)
  2 water moccasins
  3 orc warriors
  An ice beast (D:8)
  4 black bears
  3 ogres
  4 centaurs
  3 phantoms (D:5)
  A lemure (D:7)
  2 bullfrogs
  4 scorpions
  14 wights
  8 killer bees
  2 howler monkeys (D:6)
  A jelly (D:6)
  6 orc priests
  5 hounds
  6 iguanas
  Terence (D:3)
  7 orc wizards
  2 gnolls (D:5)
  13 adders
  6 river rats
  3 shadow imps
  A white imp (D:6)
  An ufetubus (D:7)
  2 dart slugs
  33 orcs
  2 bats (D:1)
  6 endoplasms
  4 giant cockroaches
  4 goblins
  9 hobgoblins
  3 jackals (D:2)
  5 kobolds
  2 quokkas
  7 ball pythons
  6 frilled lizards
  9 rats
213 creatures vanquished.

Vanquished Creatures (others)
  A centaur (D:7)
  2 orc wizards (D:7)
  A gnoll (D:5)
  An orc (D:7)
5 creatures vanquished.

Grand Total: 218 creatures vanquished

Notes
Turn   | Place    | Note
-------+----------+-------------------------------------------
     0 | D:1      | boopmooplesden the Demonspawn Gladiator began the quest for
                  | the Orb.
     0 | D:1      | Reached XP level 1. HP: 16/16 MP: 1/1
   305 | D:1      | Gained mutation: Your touch may inflict minor irresistible
                  | damage on your foes. [demonic ancestry]
   305 | D:1      | Reached XP level 2. HP: 22/22 MP: 2/2
   795 | D:2      | Reached skill level 3 in Staves
  1037 | D:2      | Reached XP level 3. HP: 14/28 MP: 3/3
  1043 | D:2      | Reached skill level 1 in Armour
  1169 | D:2      | Reached XP level 4. HP: 11/34 MP: 4/4
  1600 | D:3      | Noticed Terence
  1608 | D:3      | Killed Terence
  1829 | D:3      | Found Woth's Weapon Shop.
  2391 | D:4      | Reached skill level 1 in Stealth
  2391 | D:4      | Gained mutation: You are partially covered in molten
                  | scales. (AC +2) [demonic ancestry]
  2391 | D:4      | Reached XP level 5. HP: 24/40 MP: 5/5
  2529 | D:4      | Reached skill level 4 in Staves
  2667 | D:4      | Found a glowing drain.
  2676 | Sewer    | Entered a sewer
  2759 | Sewer    | Gained mutation: You are mostly covered in molten scales.
                  | (AC +3) [demonic ancestry]
  2759 | Sewer    | Reached XP level 6. HP: 44/47 MP: 6/6
  3825 | D:4      | Identified a scroll of acquirement
  3825 | D:4      | Acquired a +2 pair of gloves of dexterity
  3854 | D:5      | Entered Level 5 of the Dungeon
  4133 | D:5      | Reached skill level 5 in Staves
  4133 | D:5      | Gained mutation: Your touch may inflict irresistible damage
                  | on your foes. [demonic ancestry]
  4133 | D:5      | Reached XP level 7. HP: 38/52 MP: 7/7
  4187 | D:5      | Found Hianuafy's Antique Weapon Emporium.
  4235 | D:5      | Found Weutuucsag's Weapon Shoppe.
  4369 | D:5      | Found Xacuij's General Store.
  4585 | D:5      | Reached skill level 6 in Staves
  4634 | D:5      | Found Deshrut's Distillery.
  4799 | D:5      | Found a staircase to the Ecumenical Temple.
  4915 | Temple   | Entered the Ecumenical Temple
  5045 | Temple   | Became a worshipper of Warmaster Okawaru
  5097 | D:6      | Gained mutation: Your demonic aura sometimes causes spilled
                  | blood to erupt in flames. [demonic ancestry]
  5097 | D:6      | Reached XP level 8. HP: 49/60 MP: 8/8
  5547 | D:6      | Reached * piety under Okawaru
  5554 | D:6      | Reached skill level 7 in Staves
  5562 | D:6      | Reached skill level 5 in Fighting
  5992 | D:6      | Reached XP level 9. HP: 56/68 MP: 9/9
  5998 | D:6      | Reached ** piety under Okawaru
  6358 | D:6      | Reached skill level 5 in Armour
  6480 | D:7      | Reached skill level 8 in Staves
  6934 | D:7      | Noticed Pikel
  6946 | D:7      | Killed Pikel
  6946 | D:7      | Reached *** piety under Okawaru
  6947 | D:7      | Reached skill level 9 in Staves
  7170 | D:7      | Gained mutation: A weak demonic guardian rushes to your
                  | aid. [demonic ancestry]
  7170 | D:7      | Reached XP level 10. HP: 64/77 MP: 10/10
  8254 | D:8      | Reached **** piety under Okawaru
  8699 | D:8      | Noticed Maggie
  8709 | D:8      | Killed Maggie
  8710 | D:8      | Reached skill level 10 in Staves
  9025 | D:8      | Reached skill level 5 in Dodging
  9515 | D:8      | Found a radiant altar of Vehumet.
  9515 | D:8      | Found a sparkling altar of Nemelex Xobeh.
  9738 | D:8      | Found a hazy altar of Hepliaklqana.
  9738 | D:8      | Found a bloodstained altar of Trog.
  9997 | D:9      | Found a staircase to the Orcish Mines.
 10628 | D:9      | Noticed Amaemon
 10628 | D:9      | Noticed an orange demon
 10664 | D:9      | Received a gift from Okawaru
 10687 | D:9      | Succumbed to orange demon's concentrated venom

Illustrated notes

Levels and vault maps discovered:
D:1:      psy_arrival_spokes, layout_loops_ring, serial_forest,
          infiniplex_forest_lined_room_2, infiniplex_forest_zigzag_1,
          infiniplex_forest_straight_2, infiniplex_forest_lined_room_3,
          infiniplex_forest_lined_room_3, infiniplex_forest_clump_curved,
          infiniplex_forest_straight_5, infiniplex_forest_corner_2
D:2:      layout_basic
D:3:      layout_loops_ring, serial_shops, nicolae_shop_rolling_square,
          uniq_terence
D:4:      layout_loops_ring, gup_sewer_entry_bowl, minmay_hedge_maze
D:5:      layout_loops_ring, lemuel_temple_firewalk_a, serial_shops, shop, shop,
          nicolae_shop_behind_doors, shop
D:6:      layout_cave_pods, minmay_between
D:7:      layout_basic, uniq_pikel
D:8:      nicolae_cairo_tiling_large, layout_loops_corners,
          gammafunk_temple_overflow_pools, gammafunk_temple_overflow_wave,
          uniq_maggie
D:9:      layout_long_grid, orc_0_dummy, nicolae_two_hexagons,
          minmay_liquid_box, uniq_amaemon
Temple:   mainiacjoe_temple_coin_purse

Skill      XL: |  1  2  3  4  5  6  7  8  9 10 |
---------------+-------------------------------+-----
Dodging        | 3 4 5 |  5.5
Staves         | 3 4 5 6 7 9 10 | 10.7
Throwing       | 2 |  2.3
Armour         | 1 2 3 4 5 7 |  7.2
Stealth        | 1 2 |  2.2
Fighting       | 3 4 5 6 7 |  7.9

Action                     |  1- 3 |  4- 6 |  7- 9 | 10-12 || total
---------------------------+-------+-------+-------+-------++-------
  Melee: Quarterstaff      |    76 |   216 |   247 |   217 ||   756
  Throw: Throwing net      |     3 |     2 |       |       ||     5
         Javelin           |     1 |       |     2 |       ||     3
         Boomerang         |       |       |     1 |       ||     1
 Invoke: Heroism           |       |       |       |     1 ||     1
    Use: Scroll            |     3 |     6 |       |     2 ||    11
         Potion            |       |       |       |     1 ||     1
   Stab: Held in net/web   |     2 |       |       |       ||     2
         Sleeping          |       |     2 |       |       ||     2
 Armour: Leather armour    |    30 |    65 |       |       ||    95
         Chain mail        |       |    19 |   229 |   131 ||   379
  Dodge: Dodged            |    89 |   139 |   152 |   116 ||   496
